Map: 2000 Atmospheres LE

Players

TriGGeR - Winner!

  • Race: Protoss Protoss

Scarlett

  • Race: Zerg Zerg

Event: DreamHack SC2 Masters 2021 Winter

VOD

Have the link to the VOD?

Description

Time

  • Played on: Oct. 5, 2021, 7:16 p.m.
  • Length: 11:35

All games in this series

Show
View Real Time Build Order
Export as new Build Order

TriGGeR Protoss - Winner!

Build Orders: 1 Gate Expand, Oracle Opening, Carriers 

Get SALT Encoding   

  12  0:00  Probe  
  13  0:12  Probe  
  14  0:19  Pylon  
  14  0:24  Probe  
  15  0:37  Probe (Chrono Boost)  
  15  0:39  Gateway  
  16  0:46  Assimilator, Probe (Chrono Boost)  
  17  0:51  Probe (Chrono Boost)  
  18  1:03  Probe  
  19  1:15  Probe  
  20  1:24  Nexus  
  20  1:28  Probe  
  21  1:38  Cybernetics Core  
  21  1:40  Probe  
  22  1:48  Assimilator  
  22  1:52  Pylon  
  22  1:56  Probe  
  23  2:10  Probe (Chrono Boost)  
  23  2:12  Adept (Chrono Boost)  
  23  2:15  Warp Gate  
  26  2:22  Probe (Chrono Boost)  
  27  2:26  Stargate  
  27  2:28  Probe (Chrono Boost)  
  28  2:35  Probe (Chrono Boost)  
  30  2:38  Adept  
  30  2:43  Probe (Chrono Boost)  
  33  2:45  Probe (Chrono Boost)  
  33  2:49  Probe (Chrono Boost)  
  33  2:50  Probe (Chrono Boost)  
  35  3:01  Probe  
  35  3:02  Void Ray (Chrono Boost), Probe  
  41  3:13  Probe, Pylon  
  41  3:14  Adept, Probe  
  45  3:25  Probe  
  46  3:32  Probe  
  47  3:37  Probe  
  47  3:39  Nexus  
  48  3:42  Pylon  
  48  3:44  Oracle (Chrono Boost), Probe  
  52  3:52  Gateway  
  52  3:54  Probe  
  53  4:00  Probe  
  54  4:02  Assimilator  
  54  4:04  Assimilator  
  54  4:06  Probe  
  55  4:12  Probe  
  55  4:13  Pylon  
  55  4:14  Void Ray  
  56  4:18  Protoss Air Weapons Level 1  
  61  4:25  Probe (Chrono Boost)  
  61  4:26  Probe (Chrono Boost)  
  61  4:29  Pylon  
  62  4:35  Probe (Chrono Boost)  
  62  4:36  Shield Battery  
  62  4:37  Probe (Chrono Boost)  
  64  4:40  Probe (Chrono Boost)  
  64  4:41  Stargate  
  65  4:48  Probe (Chrono Boost)  
  65  4:51  Void Ray  
  66  4:55  Probe (Chrono Boost)  
  66  4:58  Assimilator  
  73  5:01  Probe (Chrono Boost)  
  73  5:02  Assimilator  
  73  5:04  Probe x2 (Chrono Boost)  
  74  5:08  Probe (Chrono Boost)  
  74  5:09  Probe (Chrono Boost)  
  74  5:10  Probe  
  77  5:17  Forge  
  77  5:20  Probe (Chrono Boost)  
  78  5:21  Probe (Chrono Boost)  
  78  5:22  Robotics Facility  
  78  5:26  Void Ray  
  80  5:29  Probe (Chrono Boost)  
  80  5:30  Void Ray  
  80  5:34  Probe (Chrono Boost)  
  86  5:37  Probe (Chrono Boost)  
  86  5:40  Probe x2 (Chrono Boost)  
  92  5:43  Probe  
  93  5:54  Pylon  
  93  5:56  Twilight Council  
  93  5:57  Pylon  
  93  6:04  Gateway  
  93  6:05  Gateway  
  93  6:12  Robotics Bay, Probe x2, Observer  
  93  6:14  Probe  
  93  6:15  Pylon  
  97  6:24  Pylon  
  97  6:27  Gateway  
  97  6:28  Fleet Beacon  
  97  6:30  Gateway  
  97  6:37  Nexus  
  97  6:38  Charge, Protoss Ground Weapons Level 1  
  97  6:46  Photon Cannon  
  97  6:47  Shield Battery  
  97  6:50  Photon Cannon  
  97  6:52  Pylon  
  96  7:00  Disruptor (Chrono Boost)  
  93  7:05  Probe x2  
  93  7:06  Probe  
  99  7:11  Carrier x2 (Chrono Boost)  
  99  7:12  Stargate  
  111  7:19  Probe x2  
  111  7:20  Probe  
  114  7:27  Shield Battery  
  114  7:31  Photon Cannon, Probe  
  114  7:32  Photon Cannon  
  114  7:34  Photon Cannon  
  114  7:36  Templar Archives  
  115  7:42  Probe  
  116  7:44  Probe  
  116  7:45  Protoss Air Weapons Level 2  
  116  7:50  Probe  
  118  7:51  Observer  
  118  7:53  Probe  
  119  8:01  Gateway  
  119  8:02  Zealot x6  
  119  8:03  Gateway  
  131  8:07  Pylon  
  131  8:12  Carrier (Chrono Boost)  
  143  8:16  Assimilator  
  143  8:18  Carrier (Chrono Boost)  
  143  8:19  Assimilator  
  143  8:26  Pylon  
  149  8:29  Carrier (Chrono Boost)  
  141  8:43  Zealot x5  
  141  8:44  Zealot  
  141  8:48  Psionic Storm  
  149  8:50  Warp Prism, Photon Cannon  
  157  8:55  Carrier (Chrono Boost)  
  157  8:58  High Templar  
  159  9:03  High Templar  
  159  9:07  Protoss Ground Weapons Level 2 (Chrono Boost)  
  161  9:21  Zealot  
  163  9:26  Pylon  
  163  9:27  Pylon  
  163  9:28  Pylon  
  163  9:29  Pylon  
  163  9:36  Gateway  
  163  9:39  Gateway  
  163  9:43  Photon Cannon  
  163  9:44  Zealot  
  165  9:46  High Templar x5  
  165  9:48  Zealot x2  
  165  9:50  Archon x2  
  165  9:51  Immortal (Chrono Boost)  
  179  9:53  Pylon  
  182  10:08  Zealot x2  
  182  10:09  Zealot  
  188  10:34  Zealot x2  
  188  10:35  Zealot x6  
  188  10:36  Archon  
  188  10:39  Zealot x2  
  170  10:55  Void Ray x3 (Chrono Boost)  
  170  10:57  Zealot x8  
  165  11:03  Zealot x2  
  159  11:22  Zealot x4  
  159  11:23  Zealot x4  
Show
View Real Time Build Order
Export as new Build Order

Scarlett Zerg 

Build Orders: Hatch First 

Get SALT Encoding   

  12  0:00  Drone  
  13  0:12  Overlord  
  13  0:16  Drone  
  14  0:30  Drone x2  
  16  0:47  Hatchery  
  15  0:51  Drone  
  15  0:54  Drone  
  17  0:57  Drone  
  18  1:08  Extractor  
  17  1:13  Spawning Pool  
  17  1:15  Drone  
  17  1:19  Drone  
  18  1:27  Drone  
  19  1:39  Drone  
  20  1:50  Drone  
  21  1:59  Queen x2  
  21  2:00  Zergling x2, Overlord  
  26  2:10  Drone  
  26  2:11  Drone, Metabolic Boost  
  28  2:21  Drone x2  
  30  2:33  Hatchery  
  29  2:39  Drone x2  
  29  2:43  Queen  
  33  2:47  Overlord  
  33  2:51  Drone  
  34  2:54  Zergling x2  
  34  2:55  Drone  
  36  3:04  Overlord  
  36  3:08  Drone x4  
  40  3:13  Queen  
  40  3:16  Zergling x2  
  40  3:18  Zergling x2  
  44  3:22  Queen  
  46  3:30  Drone x2  
  48  3:36  Drone  
  48  3:39  Drone  
  50  3:41  Overlord x2  
  50  3:42  Drone  
  51  3:58  Overlord  
  51  4:00  Drone x6  
  51  4:01  Queen  
  58  4:04  Spore Crawler  
  57  4:10  Queen  
  57  4:11  Overlord  
  57  4:12  Drone x2  
  61  4:17  Drone x2  
  61  4:20  Drone x4  
  67  4:24  Queen  
  67  4:28  Drone x3  
  72  4:31  Drone  
  72  4:32  Drone x2  
  75  4:39  Extractor  
  75  4:40  Roach Warren  
  75  4:42  Drone x3  
  76  4:50  Lair  
  76  4:51  Drone x3  
  79  4:53  Extractor  
  79  4:55  Zergling x4  
  80  5:00  Drone x2  
  80  5:03  Extractor  
  80  5:04  Overlord  
  80  5:05  Hatchery  
  80  5:10  Overlord x2  
  80  5:11  Queen  
  80  5:13  Extractor  
  80  5:16  Extractor  
  80  5:21  Drone x2, Overlord  
  80  5:25  Queen  
  80  5:27  Zergling x4  
  86  5:28  Drone x5  
  86  5:31  Drone x3  
  86  5:34  Drone  
  94  5:36  Evolution Chamber  
  93  5:43  Drone x6  
  93  5:49  Glial Reconstitution  
  99  5:50  Overseer  
  99  5:52  Infestation Pit  
  99  5:53  Queen  
  99  5:54  Queen  
  102  6:03  Drone  
  102  6:04  Drone x7  
  110  6:09  Drone x4  
  110  6:10  Zerg Missile Weapons Level 1  
  114  6:23  Drone  
  114  6:24  Drone x4  
  114  6:25  Extractor x2  
  118  6:27  Hatchery, Overlord  
  118  6:30  Queen  
  118  6:31  Queen  
  120  6:33  Pathogen Glands  
  120  6:37  Hive  
  120  6:43  Overlord x2  
  120  6:44  Evolution Chamber  
  119  6:47  Evolution Chamber  
  119  6:48  Drone x2  
  119  6:52  Drone  
  119  6:53  Drone x7  
  127  6:58  Overlord  
  127  6:59  Overlord x3  
  127  7:01  Drone x2  
  129  7:08  Spine Crawler x2  
  129  7:11  Infestor x4  
  135  7:15  Infestor x3  
  135  7:19  Zerg Ground Armor Level 1  
  135  7:20  Zerg Melee Weapons Level 1  
  141  7:24  Overlord  
  141  7:25  Overlord x2  
  141  7:28  Spine Crawler  
  141  7:29  Drone, Spore Crawler  
  140  7:32  Spire  
  139  7:41  Drone x2, Extractor  
  139  7:42  Baneling Nest, Extractor  
  139  7:43  Zergling x20  
  148  7:48  Drone x5  
  148  7:50  Drone  
  154  7:56  Overseer  
  154  8:01  Adrenal Glands  
  154  8:05  Drone x11  
  164  8:08  Zerg Missile Weapons Level 2  
  164  8:10  Spire  
  163  8:15  Viper  
  163  8:18  Viper  
  169  8:22  Zergling x2  
  169  8:23  Zergling x24  
  182  8:27  Spore Crawler  
  182  8:28  Spore Crawler  
  182  8:29  Spore Crawler  
  182  8:30  Drone x2  
  182  8:33  Spore Crawler x2  
  174  8:41  Drone  
  174  8:42  Drone x4  
  174  8:47  Spore Crawler  
  177  8:51  Viper x2, Greater Spire  
  177  8:55  Spore Crawler  
  182  8:57  Spine Crawler  
  182  9:00  Drone x2  
  182  9:01  Drone  
  182  9:02  Spine Crawler  
  183  9:03  Drone x2, Spine Crawler  
  183  9:04  Drone x2  
  183  9:05  Spore Crawler  
  183  9:07  Centrifugal Hooks, Spore Crawler  
  184  9:13  Spore Crawler  
  184  9:14  Spore Crawler  
  182  9:18  Zerg Ground Armor Level 2, Zerg Melee Weapons Level 2  
  182  9:23  Hatchery  
  181  9:27  Pneumatized Carapace  
  181  9:28  Overseer  
  181  9:35  Zerg Flyer Armor Level 1  
  181  9:36  Spine Crawler  
  180  9:42  Spore Crawler  
  180  9:43  Drone x5  
  180  9:44  Spore Crawler  
  183  9:47  Corruptor x7  
  183  9:49  Spore Crawler x2  
  183  9:50  Overseer x5, Spore Crawler x3  
  183  9:51  Spore Crawler, Overlord  
  183  9:52  Spore Crawler  
  190  9:57  Burrow  
  190  10:09  Spore Crawler  
  190  10:10  Spore Crawler x2  
  186  10:14  Baneling x2  
  186  10:15  Baneling x3  
  186  10:16  Spore Crawler  
  186  10:17  Spore Crawler x4  
  186  10:19  Brood Lord x2  
  186  10:20  Spore Crawler  
  186  10:21  Spore Crawler  
  183  10:24  Corruptor x4  
  191  10:29  Unknown  
  183  10:41  Corruptor x6  
  181  10:48  Zergling x18  
  181  10:49  Zergling x2  
  158  10:58  Zergling x10  
  151  11:09  Zergling x16  
  151  11:14  Zergling x12  

Tags
 
Add a new tag
Caveats
  • Supply blocks, unpowered buildings, or Contaminate may cause inaccurate times.
  • Supply counts are checked every 10 seconds.